 Dungeon Crawl Stone Soup version 0.29.1-1-gd02db69 (webtiles) character file.

Game seed: 9969628195644558460

101979 Timinator the Black Belt (level 15, -4/129 HPs)
             Began as a Demigod Transmuter on Jan 20, 2023.
             Slain by an alligator (11 damage)
             ... on level 3 of the Swamp.
             The game lasted 01:39:05 (30289 turns).

Timinator the Black Belt (Demigod Transmuter)      Turns: 30289, Time: 01:39:05

Health: -4/129     AC: 15    Str: 19    XL:     15   Next: 38%
Magic:  24/26      EV: 23    Int: 15    God:
Gold:   587        SH:  5    Dex: 32    Spells: 13/24 levels left

rFire   + . .      SeeInvis .     - Unarmed
rCold   . . .      Faith    .   (shield currently unavailable)
rNeg    . . .      Spirit   .   z - +5 ring mail {rF+}
rPois   .          Reflect  +   B - +2 hat {Will+}
rElec   .          Harm     .   X - +2 cloak {rCorr}
rCorr   +          Rampage  .   (gloves currently unavailable)
Will    ++...                   (no boots)
Stlth   ++........              b - amulet of reflection
HPRegen 0.31/turn               v - ring of Ysetocki {Dex+6 Slay+4}
MPRegen 0.20/turn               K - +4 ring of slaying

@: blade hands
A: high MP 1, forlorn, divine attributes
a: End Transformation


You were on level 3 of the Swamp.
You had blades for hands.
You visited 4 branches of the dungeon, and saw 22 of its levels.
You also visited: Volcano.

You collected 3112 gold pieces.
You spent 2525 gold pieces at shops.

Inventory:

Missiles
 l - 11 javelins
 m - 59 poisoned darts (quivered)
 E - a curare-tipped dart
 L - 2 throwing nets
Armour
 n - +0 swamp dragon scales
 z - a +5 ring mail of fire resistance (worn)
 B - a +2 hat of willpower (worn)
 R - a +2 pair of gloves of dexterity (melded)
 X - a +2 cloak of preservation (worn)
Jewellery
 b - an amulet of reflection (around neck)
 f - a ring of positive energy
 p - a +4 ring of protection
 v - the ring of Ysetocki (left blade hand) {Dex+6 Slay+4}
   (You acquired it in a volcano)

   [ring of dexterity]

   Dex:       It affects your dexterity (+6).
   Slay:      It affects your accuracy & damage with ranged weapons and melee
   (+4).
 G - a ring of flight
 K - a +4 ring of slaying (right blade hand)
 N - a ring of wizardry
 V - a ring of protection from fire
Wands
 a - a wand of flame (38)
 u - a wand of quicksilver (9)
 x - a wand of mindburst (13)
 A - a wand of digging (3)
 F - a wand of iceblast (18)
 I - a wand of polymorph (14)
Scrolls
 c - a scroll of brand weapon
 d - 5 scrolls of teleportation
 e - 5 scrolls of magic mapping
 j - a scroll of identify
 q - 2 scrolls of enchant armour
 r - 7 scrolls of vulnerability
 t - 4 scrolls of fog
 y - 2 scrolls of amnesia
 D - 3 scrolls of blinking
 O - 4 scrolls of immolation
 S - a scroll of enchant weapon
 T - a scroll of summoning
Potions
 g - 4 potions of brilliance
 h - 5 potions of resistance
 i - 2 potions of flight
 o - 14 potions of curing
 w - 4 potions of ambrosia
 H - 4 potions of attraction
 J - 3 potions of cancellation
 M - 2 potions of mutation
 Q - 4 potions of heal wounds
Miscellaneous
 P - a phantom mirror


   Skills:
 + Level 11.1 Fighting
 + Level 7.8 Throwing
 - Level 3.0 Armour
 + Level 11.4 Dodging
 * Level 15.8 Unarmed Combat
 - Level 5.0 Spellcasting
 + Level 11.4 Transmutations
 - Level 3.0 Ice Magic


You had 13 spell levels left.
You knew the following spells:

 Your Spells              Type           Power      Damage    Failure   Level
a - Blade Hands           Tmut           19%        N/A       38%         5
b - Wereblood             Tmut           38%        N/A       11%         2
c - Ice Form              Ice/Tmut       25%        N/A       54%         4

Your spell library contained the following spells:

 Spells                   Type           Power      Damage    Failure   Level
 Beastly Appendage        Tmut           76%        N/A       10%         1
 Sting                    Tmut/Pois      80%        1d7       24%         1
 Passwall                 Tmut/Erth      16%        N/A       30%         2
 Spider Form              Tmut/Pois      20%        N/A       41%         3
 Ensorcelled Hibernation  Hex/Ice        16%        N/A       65%         2
 Sandblast                Erth           6%         2d5       69%         1
 Shock                    Conj/Air       12%        1d3       69%         1
 Summon Small Mammal      Summ           12%        N/A       69%         1
 Poisonous Vapours        Pois/Air       6%         N/A       80%         2
 Static Discharge         Conj/Air       3%         3-4/arc   80%         2
 Call Canine Familiar     Summ           3%         N/A       93%         3
 Stone Arrow              Conj/Erth      6%         3d7       93%         3
 Summon Guardian Golem    Hex/Summ       3%         N/A       93%         3
 Swiftness                Air            3%         N/A       93%         3
 Airstrike                Air            1%         2d(1-17)  99%         4
 Anguish                  Hex/Necr       1%         N/A       99%         4
 Animate Armour           Summ/Erth      6%         N/A       99%         4
 Fulminant Prism          Conj/Hex       1%         3d6       99%         4
 Olgreb's Toxic Radiance  Pois           3%         N/A       99%         4
 Freezing Cloud           Conj/Ice/Air   3%         6-21      100%        5
 Dispersal                Tloc           1%         N/A       100%        6
 Iron Shot                Conj/Erth      1%         9d1       100%        6
 Disjunction              Tloc           1%         N/A       100%        8


Dungeon Overview and Level Annotations

Branches:
Dungeon (12/15)            Temple (0/1) D:7            Lair (5/5) D:9
  Swamp (3/4) Lair:3        Snake (0/4) Lair:2        Slime (0/5) Lair:5
    Orc (2/2) D:10            Elf (0/3) Orc:2       Volcano (visited)

Shops:
D:1 :   D:3 !   D:5 !   Orc:1 =   Orc:2 *=(?

Annotations:
Lair:1 3 runed translucent doors, Peacahk's ghost, novice VSHW


Innate Abilities, Weirdness & Mutations

You have blades for hands.
Your spellcasting is less reliable in this form.
You are incapable of wielding weapons or throwing items.
You have an increased reservoir of magic. (+10% MP)
You shall have no god before yourself.
Your divine heritage dramatically boosts your attributes as you level up.


Message History

You kill the swamp dragon!
You are engulfed in poison gas.
You are more poisoned.
You feel extremely sick.
You are engulfed in poison gas.
You are lethally poisoned!
* * * LOW HITPOINT WARNING * * *
You feel extremely sick.
You see here a bog body corpse.
You feel better.
You are engulfed in poison gas.
You are poisoned.
* * * LOW HITPOINT WARNING * * *
You feel very sick.
The alligator is engulfed in poison gas.
The alligator is poisoned.
The alligator completely misses you. x2
A goliath frog comes into view.
You feel very sick.
The alligator is engulfed in poison gas.
The alligator looks even sicker.
You feel much better.
You feel very sick.
The alligator looks even sicker.
The alligator bites you!
* * * LOW HITPOINT WARNING * * *
You block the alligator's attack.
The alligator is engulfed in poison gas.
The alligator looks as sick as possible!
The alligator bites you!
* * * LOW HITPOINT WARNING * * *
The alligator tail-slaps you!
* * * LOW HITPOINT WARNING * * *
As you read the scroll of fear, it crumbles to dust.
You assume a fearsome visage.
The alligator looks frightened!
The swamp dragon resists with some effort.
The goliath frog looks frightened!
* * * LOW HITPOINT WARNING * * *
You feel sick.
A goliath frog comes into view.
You feel better.
Cornered, the alligator turns to fight!
You block the alligator's attack. The alligator tail-slaps you!
You die...

~~~ ♣♣♣~...~~.♣#...#
..♣ ♣.♣~.~♣.~♣♣#..)'
.♣ .~♣ ♣♣p♣♣♣♣~~♣
#...#
..F♣♣♣♣.♣♣♣~~~♣♣♣>.♣
#####
.~~~.F°..~♣.~~~♣♣♣.♣
♣~~.~
.F§~..~~..♣.~~~..♣♣~
♣♣♣..
...w..wD♣♣♣~..~§..♣♣♣
♣♣.
~♣~.♣~○♣t~♣♣.♣~....♣
♣♣ ♣♣♣♣♣@~~~~...~~~~
♣.~~~....~~..~
♣~.~§......~~..
♣.§~~.~...~~~~~
♣..~.♣♣~.§...~ ♣♣♣♣♣♣
♣♣♣♣♣♣


You could see an alligator (swift, extremely poisoned), a swamp dragon, a tyrant
leech and 2 goliath frogs.

Vanquished Creatures
  Rupert (Orc:1)
  Kirke (Swamp:3)
  Gastronok (Lair:1)
  Donald (Orc:2)
  3 ghouls
  Nessos (Orc:2)
  4 bunyips
  Josephine (Orc:1)
  A shambling mangrove (Swamp:2)
  9 hydras
  4 catoblepae (Lair:5)
  2 ghost crabs (Swamp:1)
  4 two-headed ogres
  An alligator (Swamp:3)
  16 death yaks
  Urug (Orc:2)
  3 orc high priests (Orc:2)
  A hell hog (Volcano)
  Nergalle (Orc:1)
  A fire crab (Volcano)
  4 goliath frogs
  2 bunyip zombies (Swamp:3)
  3 bog bodies
  2 spriggan druids (Swamp:1)
  2 swamp dragons (Swamp:3)
  6 orc knights
  A necromancer (Swamp:3)
  3 orc sorcerers (Orc:2)
  4 manticores
  An oklob plant (Lair:5)
  A will-o-the-wisp (Lair:3)
  10 elephants
  Joseph (D:7)
  A black mamba (Lair:4)
  Maurice (Orc:1)
  A gargoyle (D:11)
  9 cane toads
  2 molten gargoyles (Volcano)
  A torpor snail (Lair:4)
  6 rime drakes
  An unseen horror (D:10)
  A bunyip simulacrum (Swamp:3)
  4 komodo dragons
  8 trolls
  A queen bee (Lair:3)
  Grinder (D:3)
  13 hornets
  8 tyrant leeches
  25 blink frogs
  An alligator zombie (Swamp:3)
  Sigmund (D:3)
  A shadow (D:11)
  10 spriggans
  8 wyverns
  11 fire bats (Volcano)
  4 wraiths
  A steam dragon (Volcano)
  58 yaks
  6 basilisks
  Eustachio (D:4)
  6 vampire mosquitoes
  A warg (Orc:2)
  Menkaure (D:7)
  12 swamp worms
  An acid dragon (D:8)
  2 nagas (Lair:2)
  2 hell hounds (Lair:4)
  19 water moccasins
  Duvessa (D:7)
  A swamp drake (Swamp:3)
  2 black bears
  2 alligator simulacra (Swamp:3)
  A sky beast (D:6)
  30 orc warriors
  8 ogres
  3 centaurs
  6 wolves
  A phantom (D:6)
  6 kobold brigands
  6 bullfrogs
  5 necrophages
  A gnoll sergeant (D:11)
  3 wights (D:8)
  4 scorpions
  Dowan (D:7)
  35 killer bees
  An electric eel (Lair:2)
  14 howler monkeys
  5 lava snakes (Volcano)
  A hound (D:5)
  3 jellies
  28 orc priests
  An iron imp (D:10)
  5 iguanas
  21 orc wizards
  Robin (D:3)
  5 gnolls (D:11)
  14 adders
  A river rat (Lair:3)
  4 white imps
  3 ufetubi
  2 worms
  3 dart slugs
  88 orcs
  7 endoplasms
  4 giant cockroaches
  17 goblins
  7 hobgoblins
  A quokka (D:4)
  2 ball pythons
  8 bats
  5 frilled lizards
  33 kobolds
  4 rats
730 creatures vanquished.

Vanquished Creatures (others)
  A swamp drake (D:10)
  An orc wizard (Orc:2)
  31 fungi
  59 plants
92 creatures vanquished.

Grand Total: 822 creatures vanquished

Notes
Turn   | Place    | Note
-------+----------+-------------------------------------------
     0 | D:1      | Timinator the Demigod Transmuter began the quest for the
                  | Orb.
     0 | D:1      | Reached XP level 1. HP: 15/15 MP: 5/5
   292 | D:1      | Reached skill level 1 in Fighting
   304 | D:1      | Found Imumirheo's Book Shop.
   942 | D:1      | Reached XP level 2. HP: 23/23 MP: 4/7
   945 | D:1      | Learned a level 2 spell: Wereblood
  1253 | D:2      | Reached skill level 3 in Unarmed Combat
  1457 | D:2      | Reached XP level 3. HP: 28/28 MP: 7/9
  1869 | D:3      | Noticed Robin
  1905 | D:3      | Killed Robin
  2129 | D:3      | Reached XP level 4. HP: 33/35 MP: 6/10
  2156 | D:3      | Reached skill level 1 in Armour
  2267 | D:3      | Found Ammuclic's Distillery.
  2275 | D:3      | Bought a potion of might for 40 gold pieces
  2275 | D:3      | Bought a potion of curing for 30 gold pieces
  2312 | D:3      | Noticed an ogre
  2343 | D:3      | Noticed Grinder
  2349 | D:3      | Paralysed by Grinder for 5 turns
  2363 | D:3      | HP: 1/35 [Grinder (2)]
  2366 | D:3      | Killed Grinder
  2367 | D:3      | Reached skill level 4 in Unarmed Combat
  2367 | D:3      | Reached XP level 5. HP: 12/41 MP: 10/12
  2398 | D:3      | Noticed Sigmund
  2404 | D:3      | Killed Sigmund
  2405 | D:3      | Reached XP level 6. HP: 19/48 MP: 11/13
  3292 | D:4      | Noticed Eustachio
  3312 | D:4      | Killed Eustachio
  3313 | D:4      | Reached XP level 7. HP: 53/56 MP: 11/14
  3403 | D:4      | Reached skill level 5 in Unarmed Combat
  3487 | D:5      | Entered Level 5 of the Dungeon
  4035 | D:5      | Found Vapyagu's Distillery.
  4038 | D:5      | Bought a potion of heal wounds for 70 gold pieces
  4038 | D:5      | Bought a potion of lignification for 42 gold pieces
  4449 | D:6      | Reached XP level 8. HP: 44/63 MP: 15/15
  4621 | D:6      | You fall into a shaft and drop 2 floors!
  4643 | D:8      | Reached skill level 6 in Unarmed Combat
  4773 | D:8      | Identified the +9 trident "Hulk" {flame, rF- Str+5}
  5250 | D:7      | Noticed a hornet
  5270 | D:7      | Killed a hornet
  5275 | D:7      | Noticed Menkaure
  5413 | D:7      | Killed Menkaure
  5414 | D:7      | Reached skill level 7 in Unarmed Combat
  5553 | D:6      | Reached skill level 5 in Dodging
  5553 | D:6      | Reached XP level 9. HP: 72/72 MP: 17/17
  5575 | D:6      | Reached skill level 5 in Transmutations
  6153 | D:7      | Noticed Duvessa
  6187 | D:7      | Noticed Joseph
  6217 | D:7      | Killed Joseph
  6513 | D:7      | Noticed Dowan
  6531 | D:7      | Killed Duvessa
  6547 | D:7      | Killed Dowan
  6759 | D:7      | Reached skill level 5 in Fighting
  6864 | D:7      | Reached skill level 1 in Throwing
  6927 | D:7      | Reached skill level 8 in Unarmed Combat
  7117 | D:7      | Found a staircase to the Ecumenical Temple.
  7969 | D:9      | Reached XP level 10. HP: 74/81 MP: 18/18
  8122 | D:9      | Reached skill level 9 in Unarmed Combat
  8433 | D:9      | Found a staircase to the Lair.
  8456 | D:9      | Learned a level 4 spell: Ice Form
  8950 | D:10     | Entered Level 10 of the Dungeon
  9383 | D:10     | Got the Vellum of Conjuring
  9770 | D:10     | Reached XP level 11. HP: 88/91 MP: 20/20
  9940 | D:10     | Found the +7 Singing Sword {vorpal, sonic wave}
 10005 | D:10     | Found a staircase to the Orcish Mines.
 10025 | D:10     | Reached skill level 10 in Unarmed Combat
 11748 | D:11     | Reached skill level 5 in Spellcasting
 12014 | D:12     | Noticed a two-headed ogre
 12016 | D:12     | Noticed an ogre mage
 12017 | D:12     | Noticed a two-headed ogre
 12021 | D:12     | Noticed a two-headed ogre
 12045 | D:12     | Killed a two-headed ogre
 12066 | D:12     | Paralysed by something for 5 turns
 12088 | D:11     | Killed a two-headed ogre
 12481 | Lair:1   | Entered Level 1 of the Lair of Beasts
 12496 | Lair:1   | Identified the +0 robe of Yesterday {Archmagi}
 12507 | Lair:1   | Noticed Gastronok
 12727 | Lair:1   | Killed Gastronok
 12728 | Lair:1   | Reached skill level 1 in Ice Magic
 13170 | Lair:1   | Reached skill level 11 in Unarmed Combat
 13227 | Lair:1   | Found a runed translucent gate.
 13227 | Lair:1   | Found a runed translucent gate.
 13227 | Lair:1   | Found a runed translucent gate.
 13231 | Lair:1   | Noticed Peacahk's ghost (novice VSHW)
 13797 | Lair:2   | Noticed a death yak
 13797 | Lair:2   | Noticed a death yak
 13798 | Lair:2   | Noticed a death yak
 13817 | Lair:1   | Killed a death yak
 14016 | Lair:2   | Noticed a death yak
 14024 | Lair:1   | Killed a death yak
 14027 | Lair:2   | Noticed a death yak
 14035 | Lair:1   | Killed a death yak
 14036 | Lair:1   | Reached XP level 12. HP: 44/100 MP: 7/23
 14611 | Lair:2   | Found a staircase to the Snake Pit.
 15292 | Lair:2   | Reached skill level 12 in Unarmed Combat
 15412 | Lair:2   | Identified 2 scrolls of acquirement
 15451 | Lair:2   | Acquired 814 gold pieces
 16417 | Lair:3   | Noticed a four-headed hydra
 16426 | Lair:3   | Killed a four-headed hydra
 17062 | Lair:3   | Noticed a four-headed hydra
 17062 | Lair:3   | Noticed a four-headed hydra
 17080 | Lair:2   | Killed a four-headed hydra
 17081 | Lair:2   | Reached XP level 13. HP: 108/108 MP: 18/24
 17249 | Lair:3   | Found a staircase to the Swamp.
 17707 | Lair:4   | Reached skill level 13 in Unarmed Combat
 17771 | Lair:4   | Reached skill level 5 in Throwing
 17812 | Lair:4   | Found a dark tunnel.
 17830 | Volcano  | Entered a volcano
 18017 | Volcano  | Acquired the ring of Ysetocki {Dex+6 Slay+4}
 19486 | Lair:5   | Entered Level 5 of the Lair of Beasts
 20689 | Lair:5   | Found a staircase to the Slime Pits.
 20745 | Lair:4   | Reached skill level 10 in Transmutations
 21042 | Lair:5   | Reached skill level 10 in Dodging
 21223 | Lair:5   | Reached skill level 14 in Unarmed Combat
 21336 | Lair:5   | Reached XP level 14. HP: 119/119 MP: 25/25
 21788 | Lair:5   | Reached skill level 10 in Fighting
 22499 | Orc:1    | Entered Level 1 of the Orcish Mines
 22499 | Orc:1    | Noticed Maurice
 22653 | D:1      | Bought a book of Iron for 360 gold pieces
 22653 | D:1      | Bought a book of Geomancy for 180 gold pieces
 22659 | D:1      | Learned a level 5 spell: Blade Hands
 22776 | D:5      | Bought 2 potions of curing for 84 gold pieces
 22776 | D:5      | Bought a potion of invisibility for 112 gold pieces
 22776 | D:5      | Bought a potion of curing for 42 gold pieces
 22776 | D:5      | Bought 3 potions of heal wounds for 210 gold pieces
 22776 | D:5      | Bought a potion of heal wounds for 70 gold pieces
 22871 | D:3      | Bought a potion of resistance for 100 gold pieces
 22871 | D:3      | Bought a potion of curing for 30 gold pieces
 22871 | D:3      | Bought a potion of ambrosia for 80 gold pieces
 23018 | Orc:1    | Killed Maurice
 23435 | Orc:1    | Noticed Nergalle
 23445 | Orc:1    | Killed Nergalle
 23448 | Orc:1    | Found Vor Alec's Jewellery Boutique.
 23509 | Orc:1    | Noticed Josephine
 23522 | Orc:1    | Killed Josephine
 23591 | Orc:1    | Bought an amulet of reflection for 390 gold pieces
 24106 | Orc:2    | Entered Level 2 of the Orcish Mines
 24107 | Orc:2    | Noticed Rupert
 24132 | Orc:1    | Killed Rupert
 24378 | Orc:2    | Noticed Donald
 24396 | Orc:2    | Killed Donald
 24846 | Orc:2    | Noticed Nessos
 24859 | Orc:2    | Killed Nessos
 25178 | Orc:2    | Found a staircase to the Elven Halls.
 25884 | Orc:2    | Noticed Urug
 25897 | Orc:2    | Killed Urug
 26337 | Orc:2    | Found Wuse's Magic Scroll Shoppe.
 26337 | Orc:2    | Found Wigeh's Assorted Antiques.
 26339 | Orc:2    | Found Feruutedu's Antique Weapon Shoppe.
 26339 | Orc:2    | Found Duixudd's Jewellery Shop.
 26426 | Orc:2    | Bought a scroll of enchant armour for 217 gold pieces
 26431 | Orc:2    | Bought a scroll of magic mapping for 97 gold pieces
 26431 | Orc:2    | Bought a scroll of identify for 26 gold pieces
 26431 | Orc:2    | Bought a scroll of identify for 26 gold pieces
 26694 | Orc:2    | Bought a scroll of fog for 116 gold pieces
 26694 | Orc:2    | Bought a steaming leather armour for 203 gold pieces
 26694 | Orc:2    | Identified the +1 leather armour of an ice cave {rF- rN++}
                  | (You bought it in a shop on level 2 of the Orcish Mines)
 26916 | Swamp:1  | Entered Level 1 of the Swamp
 26948 | Lair:3   | Reached skill level 15 in Unarmed Combat
 28755 | Swamp:1  | Reached XP level 15. HP: 79/122 MP: 19/26
 29010 | Swamp:1  | Identified the +5 trident of Wiwk {vorpal, Int+6}
 30215 | Swamp:3  | Noticed Kirke
 30231 | Swamp:3  | Killed Kirke
 30287 | Swamp:3  | HP: 4/129 [alligator (8)]
 30289 | Swamp:3  | Slain by an alligator

Illustrated notes

Levels and vault maps discovered:
D:1:      nicolae_arrival_somewhat_less_tricky_arrival, layout_basic,
          shapermc_ecumenical_altar_gd, serial_shops, nicolae_diamond_shop,
          minivault_11
D:2:      layout_basic, grunt_decor_junction, minivault_26
D:3:      cheibrodos_pilgrimage, layout_basic, mainiacjoe_overflow_boulevard,
          elyvilon_altar_5, nicolae_ru_sacrificial_ziggurat, serial_shops, shop,
          uniq_grinder, uniq_robin, uniq_sigmund
D:4:      layout_rooms, led_sif_pool, uniq_eustachio
D:5:      layout_basic, mainiacjoe_overflow_surrounded_room, serial_shops, shop,
          minmay_misc_feat_four_crosses, grunt_ministairs_2
D:6:      layout_basic, mainiacjoe_overflow_catwalk,
          chequers_serial_rivers_small_3, kennysheep_minor_cross
D:7:      layout_cave_pools, minmay_temple_entry_antechambers,
          kennysheep_generic_room_11, uniq_joseph, uniq_duvessa, uniq_menkaure
D:8:      layout_loops_ring
D:9:      layout_loops_cross, nicolae_overflow_hidden_temple,
          minmay_lair_entry_grove
D:10:     old_forge, layout_irregular_city, lemuel_doored_altar, slow_altar_1,
          erik_orc_1, amcnicky_mini_corridor_feature
D:11:     layout_roguey
D:12:     layout_stronghold
Lair:1:   layout_regular_city, gammafunk_ghost_split, minivault_26,
          columned_hall_lemuel, serial_bayou_lake_a,
          infiniplex_staircase_pool_2, uniq_gastronok
Lair:2:   layout_chaotic_city, guppyfry_snake_entry_garden,
          infiniplex_staircase_pool, serial_bayou_shore_a
Lair:3:   regret_index_bee_streams, layout_cave_pods, palyth_hydra_swamp_entry
Lair:4:   layout_small_grid, enter_volcano_3, cheibrodos_lair_reptile_den,
          serial_bayou_shore_b, lemuel_fruit_tree, grunt_megastairs_3
Lair:5:   evilmike_catoblepas_cave, layout_small_grid, slime_entry_1
Swamp:1:  layout_falls_marsh, nicolae_swamp_very_dense_foliage
Swamp:2:  layout_basic_swamp, evilmike_swamp_ruin_house_3
Swamp:3:  layout_basic_swamp, evilmike_swamp_ruin_house_5,
          nicolae_swamp_necromancer_hut, uniq_kirke, uniq_mlioglotl
Orc:1:    layout_diamond_mine, minmay_shop_enchanted_jewellery, uniq_nergalle,
          uniq_maurice, uniq_josephine
Orc:2:    grunt_orc_tribal_feast, layout_diamond_mine, basic_altar,
          david_defended_altar_orc, uniq_urug, uniq_donald, uniq_nessos,
          uniq_rupert

Skill      XL: |  1  2  3  4  5  6  7  8  9 10 11 12 13 14 15 |
---------------+----------------------------------------------+-----
Fighting       | 1 2 3 4 5 6 7 8 9 10 11 | 11.1
Spellcasting   | 2 3 4 5 |  5.0
Dodging        | 2 3 4 5 6 8 9 10 11 | 11.4
Transmutations | 2 3 4 5 6 8 9 10 11 | 11.4
Unarmed Combat | 3 4 5 7 8 9 11 12 14 15 | 15.8
Armour         | 1 2 3 |  3.0
Throwing       | 2 3 4 5 7 |  7.8
Ice Magic      | 2 3 |  3.0

Action                   |  1- 3 |  4- 6 |  7- 9 | 10-12 | 13-15 || total
-------------------------+-------+-------+-------+-------+-------++-------
Melee: Unarmed           |    98 |    75 |   316 |   744 |   854 ||  2087
       Kick              |    17 |    18 |    84 |   210 |    23 ||   352
       Headbutt          |     8 |    13 |    49 |   130 |    12 ||   212
       Punch             |     5 |       |    15 |    66 |    89 ||   175
Throw: Javelin           |       |     4 |       |       |       ||     4
       Dart              |       |     1 |    18 |    23 |    53 ||    95
 Cast: Beastly Appendage |    21 |    14 |    34 |    58 |    12 ||   139
       Wereblood         |     4 |     3 |    18 |    46 |    71 ||   142
       Ice Form          |       |       |       |     6 |    20 ||    26
       Blade Hands       |       |       |       |       |    50 ||    50
 Abil: End Transformatio |       |       |       |       |     6 ||     6
Evoke: Wand              |       |       |       |     2 |     3 ||     5
  Use: Potion            |     1 |     4 |     2 |     5 |     6 ||    18
       Scroll            |       |     5 |    10 |     7 |    15 ||    37
 Stab: Sleeping          |     1 |       |       |     1 |     1 ||     3
       Invisible         |       |       |       |     3 |     2 ||     5
       Petrified         |       |       |       |       |     2 ||     2
       Petrifying        |       |       |       |       |     1 ||     1
Armor: Robe              |    10 |       |       |       |       ||    10
       Leather armour    |    18 |    25 |    30 |       |       ||    73
       Skin              |     8 |       |    25 |    15 |    23 ||    71
       Ring mail         |       |       |    84 |   203 |   145 ||   432
Dodge: Dodged            |    74 |    35 |   164 |   495 |   580 ||  1348
Block: Other             |       |       |       |       |    50 ||    50
       Reflection        |       |       |       |       |     1 ||     1
